 Dungeon Crawl Stone Soup version 0.26-a0-812-g31a745ddcd (webtiles) character file.

Game seed: 17230189261975445879

8415 loralnil the Grappler (level 11, -2/99 HPs)
             Began as a Gnoll Transmuter on Nov 23, 2020.
             Was the Champion of Cheibriados.
             Slain by a gargoyle
             ... wielding a +2 flail of distortion
              (14 damage)
             ... on level 10 of the Dungeon.
             The game lasted 00:16:32 (11133 turns).

loralnil the Grappler (Gnoll Transmuter)           Turns: 11133, Time: 00:16:32

Health: -2/99      AC:  8    Str: 32    XL:     11   Next: 30%
Magic:  20/23      EV: 18    Int: 30    God:    Cheibriados [******]
Gold:   642        SH:  0    Dex: 30    Spells: 11/26 levels left

rFire    x . .     SeeInvis .     - Unarmed
rCold    + + +     Faith    .   (shield currently unavailable)
rNeg     + . .     Spirit   .   (armour currently unavailable)
rPois    +         Reflect  .   (helmet currently unavailable)
rElec    .         Harm     .   (cloak currently unavailable)
rCorr    .         Rampage  .   (gloves currently unavailable)
MR       .....                  (boots currently unavailable)
Stlth    ++++......             (no amulet)
HPRegen  0.26/turn              r - ring of positive energy
MPRegen  0.18/turn              (no ring)

@: ice-form, very slow
A: large, distributed training, strong nose
a: End Transformation, Bend Time, Temporal Distortion, Slouch, Step From Time,
Renounce Religion


You were on level 10 of the Dungeon.
You worshipped Cheibriados.
Cheibriados was exalted by your worship.
You were a creature of crystalline ice.
You visited 1 branch of the dungeon, and saw 10 of its levels.

You collected 642 gold pieces.

Inventory:

Armour
 l - a scarf of invisibility (melded)
 x - a +0 helmet (melded)
 y - a +2 robe of magic resistance (melded)
 H - a +0 pair of gloves (melded)
 I - a +2 kite shield of cold resistance (melded)
Jewellery
 r - a ring of positive energy (left front paw)
 C - an uncursed ring of fire
Wands
 s - a wand of paralysis (10)
 v - a wand of flame (44)
 w - a wand of enslavement (7)
 A - a wand of iceblast (6)
 B - a wand of polymorph (15)
Scrolls
 a - a scroll of noise {unknown}
 b - 2 scrolls of magic mapping
 f - a scroll of enchant armour {unknown}
 g - 7 scrolls of remove curse
 h - 2 scrolls of amnesia
 i - 4 scrolls of teleportation
 j - a scroll of blinking {unknown}
 o - a scroll of fog {unknown}
 q - 3 scrolls of immolation
 D - a scroll of fear {unknown}
Potions
 c - 2 potions of brilliance
 d - a potion of ambrosia
 e - 2 potions of mutation
 k - a potion of magic
 m - a potion of invisibility
 n - 2 potions of curing
 p - a potion of might
 t - 3 potions of flight
 u - a potion of haste
 z - a potion of resistance {unknown}
 E - a potion of cancellation {unknown}
 F - 3 potions of attraction {unknown}
 G - a potion of heal wounds {unknown}
 J - a potion of lignification {unknown}


   Skills:
 + Level 6.7 Fighting
 + Level 6.1 Short Blades
 + Level 6.1 Long Blades
 + Level 6.1 Axes
 + Level 6.1 Maces & Flails
 + Level 6.1 Polearms
 + Level 6.1 Staves
 + Level 6.1 Slings
 + Level 6.1 Bows
 + Level 6.1 Crossbows
 + Level 6.1 Throwing
 + Level 6.1 Armour
 + Level 7.8 Dodging
 + Level 6.1 Stealth
 + Level 6.1 Shields
 + Level 9.1 Unarmed Combat
 + Level 8.0 Spellcasting
 + Level 5.1 Conjurations
 + Level 5.1 Hexes
 + Level 5.1 Summonings
 + Level 5.1 Necromancy
 + Level 5.1 Translocations
 + Level 6.4 Transmutations
 + Level 5.1 Fire Magic
 + Level 5.1 Ice Magic
 + Level 5.1 Air Magic
 + Level 5.1 Earth Magic
 + Level 5.1 Poison Magic
 + Level 6.7 Invocations
 + Level 6.1 Evocations


You had 11 spell levels left.
You knew the following spells:

 Your Spells              Type           Power        Failure   Level
a - Beastly Appendage     Tmut           ######       1%          1
b - Wereblood             Tmut           ######..     1%          2
c - Spider Form           Tmut/Pois      #####.....   1%          3
d - Ice Form              Ice/Tmut       #####...     4%          4
e - Blade Hands           Tmut           ######....   9%          5

Your spell library contained the following spells:

 Spells                   Type           Power        Failure   Level


Dungeon Overview and Level Annotations

Branches:
Dungeon (10/15)            Temple (0/1) D:4            Lair (0/6) D:8
    Orc: D:9-12

Altars:
Ashenzari
Cheibriados
Fedhas
Gozag
Hepliaklqana
Makhleb
Nemelex Xobeh
Qazlal
Trog
Uskayaw
Yredelemnul
Zin

Shops:
D:5 *   D:7 =(*   D:9 *


Innate Abilities, Weirdness & Mutations

Your experience applies equally to all skills.
((You have very sharp teeth.))
Your uncanny sense of smell can sniff out nearby items.


Message History

The gargoyle hurls a stone arrow at you.
The stone arrow hits you!
You hit the gargoyle but do no damage.
The gargoyle hurls a stone arrow at you.
The stone arrow hits you!!
You completely miss the gargoyle. You hit the gargoyle.
You freeze the gargoyle.
The gargoyle is lightly damaged.
The gargoyle hurls a stone arrow at you.
The stone arrow hits you!
You hit the gargoyle. You freeze the gargoyle.
The gargoyle is moderately damaged.
The gargoyle hits you but does no damage.
Space warps horribly around you!!
* * * LOW HITPOINT WARNING * * *
You feel better.
The gargoyle hits you with a +2 flail of distortion!
* * * LOW HITPOINT WARNING * * *
Space warps horribly around you!
You die...

.......##..#∆##+.+## #......#
...###.##.###+.....+###.#####
...###.##.#8#.......#∆#.#
....##.##...........+##.#
................8....##.#
#......##^..........+ #.#
##.######.#8#.......# #.#
...# #...###+.....+# #.# ####
#.#..#∆##+Y9## ..# #....###
###(# ..# #.#....#######..
..# #....#.........# ..#
#....#..######## ..#
#.......# ### #.#.##.##
#......# #########.####


You could see a gargoyle.

Vanquished Creatures
  2 two-headed ogres
  Pikel (D:5)
  Prince Ribbit (D:5)
  2 wraiths (D:10)
  6 yaks (D:10)
  A steam dragon (D:10)
  Menkaure (D:3)
  Edmund (D:5)
  A soldier ant (D:10)
  A water moccasin (D:10)
  A black bear (D:6)
  2 ice beasts
  2 sky beasts
  3 necrophages
  A phantom (D:5)
  5 ogres
  A centaur (D:5)
  A lemure (D:5)
  2 big kobolds (D:10)
  A gnoll sergeant (D:10)
  2 bullfrogs
  A wyvern skeleton (D:10)
  4 scorpions
  22 killer bees
  7 wights
  3 howler monkeys
  2 jellies
  A quasit (D:10)
  2 centaur zombies
  2 hounds
  7 orc priests
  Crazy Yiuf (D:6)
  7 orc wizards
  2 bullfrog skeletons
  7 iguanas
  4 worker ants
  A hound skeleton (D:5)
  Robin (D:2)
  4 worker ant zombies (D:5)
  A howler monkey skeleton (D:5)
  15 adders
  15 gnolls
  A shadow imp (D:9)
  2 white imps (D:5)
  3 ufetubi
  2 adder zombies
  An adder skeleton (D:4)
  3 worms
  2 dart slugs
  7 leopard geckos
  28 orcs
  5 giant cockroaches
  20 goblins
  13 hobgoblins
  7 jackals
  16 kobolds
  3 quokkas
  A ball python (D:1)
  8 bats
  5 frilled lizards
  A giant cockroach zombie (D:5)
  A leopard gecko zombie (D:5)
  A quokka skeleton (D:5)
  10 rats
287 creatures vanquished.

Vanquished Creatures (others)
  3 withered plants (D:5)
3 creatures vanquished.

Grand Total: 290 creatures vanquished

Notes
Turn   | Place    | Note
-------+----------+-------------------------------------------
     0 | D:1      | loralnil the Gnoll Transmuter began the quest for the Orb.
     0 | D:1      | Reached XP level 1. HP: 17/17 MP: 6/6
     0 | D:1      | Found an opulent altar of Gozag.
   169 | D:1      | Reached XP level 2. HP: 22/23 MP: 5/7
   400 | D:1      | Reached skill level 5 in Spellcasting
   400 | D:1      | Reached XP level 3. HP: 25/28 MP: 6/9
   404 | D:1      | Learned a level 2 spell: Wereblood
   408 | D:1      | Learned a level 3 spell: Spider Form
   634 | D:1      | Reached skill level 1 in Invocations
   867 | D:1      | Reached skill level 1 in Short Blades
   867 | D:1      | Reached skill level 1 in Long Blades
   867 | D:1      | Reached skill level 1 in Axes
   867 | D:1      | Reached skill level 1 in Maces & Flails
   867 | D:1      | Reached skill level 1 in Polearms
   867 | D:1      | Reached skill level 1 in Staves
   867 | D:1      | Reached skill level 1 in Slings
   867 | D:1      | Reached skill level 1 in Bows
   867 | D:1      | Reached skill level 1 in Crossbows
   867 | D:1      | Reached skill level 1 in Throwing
   867 | D:1      | Reached skill level 1 in Armour
   867 | D:1      | Reached skill level 1 in Stealth
   867 | D:1      | Reached skill level 1 in Shields
   867 | D:1      | Reached skill level 1 in Evocations
  1053 | D:2      | Noticed Robin
  1062 | D:2      | Killed Robin
  1062 | D:2      | Reached XP level 4. HP: 31/34 MP: 9/11
  1356 | D:2      | Reached skill level 1 in Conjurations
  1356 | D:2      | Reached skill level 1 in Hexes
  1356 | D:2      | Reached skill level 1 in Summonings
  1356 | D:2      | Reached skill level 1 in Necromancy
  1356 | D:2      | Reached skill level 1 in Translocations
  1356 | D:2      | Reached skill level 1 in Fire Magic
  1356 | D:2      | Reached skill level 1 in Ice Magic
  1356 | D:2      | Reached skill level 1 in Air Magic
  1356 | D:2      | Reached skill level 1 in Earth Magic
  1356 | D:2      | Reached skill level 1 in Poison Magic
  1590 | D:2      | Found a snail-covered altar of Cheibriados.
  1594 | D:2      | Found a sparkling altar of Nemelex Xobeh.
  1595 | D:2      | Found a hide-covered altar of Uskayaw.
  1596 | D:2      | Found a burning altar of Makhleb.
  1597 | D:2      | Found a hazy altar of Hepliaklqana.
  1597 | D:2      | Found a broken altar of Ashenzari.
  1600 | D:2      | Became a worshipper of Cheibriados the Contemplative
  1699 | D:2      | Found a faded altar of an unknown god.
  1909 | D:2      | Reached XP level 5. HP: 37/40 MP: 10/12
  2450 | D:3      | Reached * piety under Cheibriados
  2831 | D:4      | Noticed Menkaure
  3067 | D:3      | Killed Menkaure
  3067 | D:3      | Reached skill level 5 in Dodging
  3067 | D:3      | Reached XP level 6. HP: 26/47 MP: 11/14
  3459 | D:4      | Reached XP level 7. HP: 49/52 MP: 15/15
  3549 | D:4      | Found a staircase to the Ecumenical Temple.
  3566 | D:4      | Reached skill level 7 in Unarmed Combat
  3607 | D:4      | Reached ** piety under Cheibriados
  3843 | D:4      | Found a glowing silver altar of Zin.
  3846 | D:4      | Found a basalt altar of Yredelemnul.
  4141 | D:4      | Found a bloodstained altar of Trog.
  4212 | D:5      | Entered Level 5 of the Dungeon
  4318 | D:5      | Reached XP level 8. HP: 60/60 MP: 12/16
  4490 | D:5      | Noticed Edmund
  4498 | D:5      | Killed Edmund
  4600 | D:5      | Noticed Pikel
  4613 | D:5      | Killed Pikel
  4718 | D:5      | Found Ateadet's Assorted Antiques.
  4874 | D:5      | Reached *** piety under Cheibriados
  4991 | D:5      | Reached skill level 5 in Transmutations
  4991 | D:5      | Reached XP level 9. HP: 60/66 MP: 15/18
  5278 | D:5      | Noticed Prince Ribbit
  5294 | D:5      | Killed Prince Ribbit
  5642 | D:6      | Learned a level 4 spell: Ice Form
  5652 | D:6      | Reached skill level 5 in Fighting
  5755 | D:6      | Reached **** piety under Cheibriados
  6134 | D:6      | Reached skill level 8 in Unarmed Combat
  6578 | D:6      | Reached skill level 5 in Invocations
  7056 | D:6      | Found a runed translucent door.
  7057 | D:6      | Noticed Crazy Yiuf
  7065 | D:6      | Killed Crazy Yiuf
  7181 | D:7      | Found a stormy altar of Qazlal.
  7198 | D:7      | Found a blossoming altar of Fedhas.
  7322 | D:7      | Reached XP level 10. HP: 73/73 MP: 16/20
  7367 | D:7      | Found Dezor's Weapon Boutique.
  7391 | D:7      | Found Leaph's General Store.
  7424 | D:7      | Reached ***** piety under Cheibriados
  7676 | D:7      | Found Upruenke's Jewellery Shoppe.
  7796 | D:8      | Reached skill level 5 in Short Blades
  7796 | D:8      | Reached skill level 5 in Long Blades
  7796 | D:8      | Reached skill level 5 in Axes
  7796 | D:8      | Reached skill level 5 in Maces & Flails
  7796 | D:8      | Reached skill level 5 in Polearms
  7796 | D:8      | Reached skill level 5 in Staves
  7796 | D:8      | Reached skill level 5 in Slings
  7796 | D:8      | Reached skill level 5 in Bows
  7796 | D:8      | Reached skill level 5 in Crossbows
  7796 | D:8      | Reached skill level 5 in Throwing
  7796 | D:8      | Reached skill level 5 in Armour
  7796 | D:8      | Reached skill level 5 in Stealth
  7796 | D:8      | Reached skill level 5 in Shields
  7796 | D:8      | Reached skill level 5 in Evocations
  7990 | D:8      | Noticed a two-headed ogre
  8003 | D:8      | Killed a two-headed ogre
  8264 | D:8      | Found a staircase to the Lair.
  8739 | D:9      | Found Gygrek's General Store.
  9165 | D:9      | Learned a level 5 spell: Blade Hands
  9545 | D:10     | Entered Level 10 of the Dungeon
 10438 | D:10     | Reached XP level 11. HP: 82/82 MP: 19/22
 10583 | D:10     | Reached ****** piety under Cheibriados
 10734 | D:10     | Reached skill level 9 in Unarmed Combat
 10746 | D:10     | Reached skill level 5 in Conjurations
 10746 | D:10     | Reached skill level 5 in Hexes
 10746 | D:10     | Reached skill level 5 in Summonings
 10746 | D:10     | Reached skill level 5 in Necromancy
 10746 | D:10     | Reached skill level 5 in Translocations
 10746 | D:10     | Reached skill level 5 in Fire Magic
 10746 | D:10     | Reached skill level 5 in Ice Magic
 10746 | D:10     | Reached skill level 5 in Air Magic
 10746 | D:10     | Reached skill level 5 in Earth Magic
 10746 | D:10     | Reached skill level 5 in Poison Magic
 10890 | D:10     | Noticed a two-headed ogre
 10902 | D:10     | Killed a two-headed ogre
 11133 | D:10     | Slain by a gargoyle

Illustrated notes

Levels and vault maps discovered:
D:1:      sevenhm_arrival_forest_fort_small_6, layout_loops_ring,
          minmay_nonomino_d4
D:2:      layout_basic, grunt_temple_overflow_open,
          chequers_ecumenical_altar_lobes, uniq_robin
D:3:      lemuel_upstairs_altar, layout_loops_ring
D:4:      layout_rooms, kennysheep_mini_moat, gammafunk_temple_overflow_statue,
          temple_fountains, portal_sewer_entry_d, uniq_menkaure
D:5:      layout_loops_corners, serial_undead, serial_undead_a, serial_undead_e,
          serial_undead_c, serial_undead_d, serial_shops, nicolae_shop_crystal,
          uniq_pikel, uniq_edmund, uniq_prince_ribbit1
D:6:      layout_gridville, uniq_crazy_yiuf_cottage
D:7:      layout_gridville, grunt_temple_overflow_forces_of_nature,
          serial_shops, shop, shop_fountains, kennysheep_mini
D:8:      layout_loops_cross, lair_entry_dummy
D:9:      layout_gridville, serial_shops, shop
D:10:     cheibrodos_statue_roulette, layout_loops_cross

Skill      XL: |  1  2  3  4  5  6  7  8  9 10 11 |
---------------+----------------------------------+-----
Spellcasting   | 5 6 7 8 |  8.0
Invocations    | 1 2 3 4 5 6 |  6.7
Short Blades   | 1 2 3 4 5 6 |  6.1
Long Blades    | 1 2 3 4 5 6 |  6.1
Axes           | 1 2 3 4 5 6 |  6.1
Maces & Flails | 1 2 3 4 5 6 |  6.1
Polearms       | 1 2 3 4 5 6 |  6.1
Staves         | 1 2 3 4 5 6 |  6.1
Slings         | 1 2 3 4 5 6 |  6.1
Bows           | 1 2 3 4 5 6 |  6.1
Crossbows      | 1 2 3 4 5 6 |  6.1
Throwing       | 1 2 3 4 5 6 |  6.1
Armour         | 1 2 3 4 5 6 |  6.1
Stealth        | 1 2 3 4 5 6 |  6.1
Shields        | 1 2 3 4 5 6 |  6.1
Evocations     | 1 2 3 4 5 6 |  6.1
Conjurations   | 1 2 3 4 5 |  5.1
Hexes          | 1 2 3 4 5 |  5.1
Summonings     | 1 2 3 4 5 |  5.1
Necromancy     | 1 2 3 4 5 |  5.1
Translocations | 1 2 3 4 5 |  5.1
Fire Magic     | 1 2 3 4 5 |  5.1
Ice Magic      | 1 2 3 4 5 |  5.1
Air Magic      | 1 2 3 4 5 |  5.1
Earth Magic    | 1 2 3 4 5 |  5.1
Poison Magic   | 1 2 3 4 5 |  5.1
Fighting       | 3 4 5 6 |  6.7
Transmutations | 4 5 6 |  6.4
Dodging        | 5 6 7 |  7.8
Unarmed Combat | 7 8 9 |  9.1

Action                   |  1- 3 |  4- 6 |  7- 9 | 10-12 || total
-------------------------+-------+-------+-------+-------++-------
Melee: Unarmed           |    71 |   140 |   244 |   225 ||   680
       Kick              |    13 |    32 |    34 |     3 ||    82
       Bite              |     5 |    14 |     9 |     9 ||    37
       Punch             |     3 |     4 |     8 |     1 ||    16
       Headbutt          |    10 |    22 |    28 |     1 ||    61
 Cast: Beastly Appendage |    19 |    32 |    25 |     9 ||    85
       Spider Form       |       |       |    17 |    21 ||    38
       Ice Form          |       |       |     3 |     2 ||     5
       Blade Hands       |       |       |       |     3 ||     3
Invok: Slouch            |       |       |       |     1 ||     1
  Use: Scroll            |     5 |     3 |     5 |     2 ||    15
       Potion            |       |       |     1 |     1 ||     2
 Stab: Sleeping          |     1 |     5 |     5 |    11 ||    22
       Distracted        |       |       |     1 |     1 ||     2
Armor: Robe              |     6 |    13 |     9 |     7 ||    35
       Skin              |       |       |     5 |     3 ||     8
Dodge: Dodged            |    62 |    91 |   244 |   292 ||   689
Block: Kite shield       |       |       |       |    11 ||    11

Table legend: (Time is in decaauts)
 A = Elapsed time spent in this place.
 B = Non-inter-level travel time spent in this place.
 C = Inter-level travel time spent in this place.
 D = Time resting spent in this place.
 E = Time spent auto-exploring this place.
 F = Levels seen in this place.
 G = Mean time per level.
                   A        B        C        D        E       F      G
               +--------+--------+--------+--------+--------+-----+--------+
         Total |  14117 |  13775 |    342 |    594 |  10799 |  10 | 1411.7 |
       Dungeon |  14117 |  13775 |    342 |    594 |  10799 |  10 | 1411.7 |
               +--------+--------+--------+--------+--------+-----+--------+

Top non-repeatable levels by time:
     D:6: 1934 daAuts
     D:5: 1787 daAuts
     D:9: 1745 daAuts
    D:10: 1621 daAuts
     D:2: 1350 daAuts
     D:4: 1282 daAuts
     D:3: 1275 daAuts
     D:8: 1239 daAuts
     D:7: 1040 daAuts
     D:1: 841 daAuts
